 Dungeon Crawl Stone Soup version 0.30.0-20-g3615ddf2f0 (webtiles) character file.

Game seed: 7070456165659631396

13424 qw the Cleaver (level 12, -12/76 HPs)
             Began as a Gargoyle Fighter on May 29, 2023.
             Was an Elder of Okawaru.
             Killed by the air
             ... invoked by a wind drake
              (19 damage)
             ... on level 3 of the Lair of Beasts.
             The game lasted 00:05:35 (12639 turns).

qw the Cleaver (Gargoyle Fighter)                  Turns: 12639, Time: 00:05:36

Health: -12/76     AC: 35    Str: 24    XL:     12   Next: 5%
Magic:  18/18      EV: 10    Int: 10    God:    Okawaru [****..]
Gold:   774        SH:  7    Dex: 15    Spells: 11/11 levels left

rFire   . . .        Y - +0 broad axe
rCold   . . .        c - +0 buckler
rNeg    + . .        i - +0 plate armour
rPois   inf          A - +0 helmet
rElec   +            h - +0 cloak
rCorr   .            q - +0 pair of gloves
SInv    .            p - +0 pair of boots
Will    .....        a - amulet of the acrobat Stlth
                     n - +4 ring of protection
HPRegen 0.32/turn    v - +6 ring of dexterity
MPRegen 0.16/turn

%: acrobat
@: about to teleport, heroic
A: sickness immunity, AC +8, negative energy resistance 1, electricity
resistance, torment resistance 1, petrification resistance
a: Renounce Religion, Heroism, Finesse


You were on level 3 of the Lair of Beasts.
You worshipped Okawaru.
Okawaru was greatly pleased with you.
You visited 3 branches of the dungeon, and saw 13 of its levels.

You collected 1302 gold pieces.
You spent 528 gold pieces at shops.


Innate Abilities, Weirdness & Mutations

You are immune to sickness and miasma.
Your stone body is resilient. (AC +8)
You are immune to poison.
You resist negative energy. (rN+)
You are resistant to electric shocks. (rElec)
You are resistant to unholy torment.
You are immune to petrification.


   Skills:
 - Level 9.0(14.0) Fighting
 - Level 11.0(16.0) Axes
 - Level 4.2(9.2) Throwing
 + Level 8.9(13.9) Armour
 - Level 2.5(7.5) Dodging
 - Level 5.2(10.2) Shields
 + Level 8.8 Invocations


You had 11 spell levels left.
You didn't know any spells.
Your spell library was empty.

Inventory:

Hand Weapons
 t - the +10 demon whip of Ovuinyfo {drain, Dex+2}
   (You bought it in a shop on level 9 of the Dungeon)

   Dex:       It affects your dexterity (+2).
 Y - a +0 broad axe (weapon)
Missiles
 g - 2 boomerangs
 r - 2 javelins (quivered)
Armour
 c - a +0 buckler (worn)
 h - a +0 cloak (worn)
 i - a +0 plate armour (worn)
 p - a +0 pair of boots (worn)
 q - a +0 pair of gloves (worn)
 x - +0 acid dragon scales
 A - a +0 helmet (worn)
Jewellery
 a - an amulet of the acrobat (around neck)
 l - a ring of resist corrosion
 n - a +4 ring of protection (left hand)
 v - a +6 ring of dexterity (right hand)
Scrolls
 j - 2 scrolls of identify
Potions
 b - 2 potions of curing
 d - 5 potions of might
 e - 3 potions of mutation
 f - a potion of cancellation
 k - 2 potions of haste
 m - 3 potions of lignification
 o - a potion of resistance
 z - a potion of magic

Dungeon Overview and Level Annotations

Branches:
Dungeon (9/15)             Temple (1/1) D:4            Lair (3/5) D:9
 Shoals (0/4) Lair:3
  Snake: Lair:2-3    Spider: Lair:2-3       Orc: D:9-12

Altars:
Ashenzari
Cheibriados
Dithmenos
Elyvilon
Fedhas
Gozag
Hepliaklqana
Kikubaaqudgha
Makhleb
Nemelex Xobeh
Okawaru
Qazlal
Ru
Sif Muna
Trog
Uskayaw
Vehumet
Wu Jian
Xom
Yredelemnul
Zin
The Shining One

Shops:
D:9 (

Annotations:
D:3 1 runed translucent door, Crazy Yiuf
D:5 7 runed translucent doors
D:7 2 transporters, qw's ghost, novice GrFi


Message History

You barely miss the komodo dragon.
The komodo dragon is severely wounded.
You closely miss the wind drake. You slash the yak!
The wind drake exhales a fierce blast of wind!
You are knocked back by the gust of wind.
You slam into the rock wall!
The komodo dragon completely misses you.
The yak gores you but does no damage.
You barely miss the komodo dragon.
The komodo dragon is severely wounded.
You hit the yak. You miss the wind drake.
Your surroundings suddenly seem different.
Found a staircase to the Shoals.
Enter note:
Enter note:
Enter note:
Enter note:
Enter note:
Enter note:
Enter note:
Enter note:
Enter note:
Enter note:
Enter note:
Enter note:
Enter note:
Enter note:
Enter note:
Enter note:
Enter note:
Enter note:
Enter note:
Enter note:
Enter note:
12639 ||| READING scroll of teleportation.
As you read the scroll of teleportation, it crumbles to dust.
You feel strangely unstable. The wind drake flaps its wings at you.
The air twists around and strikes you!!
You die...

............# ###
#................P####.#
#.......................
#............Y..#.###...
##..........H...### ##..
#............k..# #...
##.>.........l### #...
...........(.# #....
#......@.....# #....
##..........## #....
#......(^P## .....
##.......P# .....
#......#### ....
###.#.## ... ###. .. ##
<. ..


You could see a wind drake (repels missiles), a manticore, a komodo dragon and a
yak.

Vanquished Creatures
  3 death yaks (Lair:3)
  A two-headed ogre (D:9)
  Pikel (D:9)
  Maurice (D:8)
  A cane toad (Lair:2)
  Maggie (D:7)
  A komodo dragon (Lair:1)
  4 blink frogs (Lair:1)
  A shadow (D:8)
  3 wyverns
  26 yaks
  A basilisk (Lair:1)
  2 steam dragons (D:8)
  2 acid dragons
  5 water moccasins
  Pargi (D:3)
  A sky beast (D:7)
  An ice beast (D:8)
  2 black bears
  2 orc warriors
  3 centaurs (D:8)
  2 ogres (D:6)
  5 wolves (Lair:3)
  2 lemures (D:9)
  5 kobold brigands
  5 bullfrogs
  6 wights
  A howler monkey (D:5)
  A crimson imp (D:7)
  2 gnoll boudas
  2 hounds (D:5)
  5 orc priests
  2 jellies
  2 iguanas
  6 orc wizards
  7 adders
  10 gnolls
  2 shadow imps
  2 ufetubi (D:5)
  2 worms
  5 dart slugs
  21 orcs
  5 bats
  6 endoplasms
  2 giant cockroaches
  7 goblins
  6 hobgoblins
  7 jackals
  3 quokkas
  7 ball pythons
  2 frilled lizards (D:1)
  25 kobolds
  5 rats
233 creatures vanquished.

Vanquished Creatures (others)
  An orc wizard (D:5)
1 creature vanquished.

Grand Total: 234 creatures vanquished

Notes
Turn   | Place    | Note
-------+----------+-------------------------------------------
     0 | D:1      | qw the Gargoyle Fighter began the quest for the Orb.
     0 | D:1      | Reached XP level 1. HP: 14/14 MP: 1/1
     0 | D:1      | 0 ||| qw: Version: 0.2-a-102-g2b76a06
     0 | D:1      | 0 ||| qw: Game counter: 428
     0 | D:1      | 0 ||| qw: Always use a shield: true
     0 | D:1      | 0 ||| qw: God list: Okawaru
     0 | D:1      | 0 ||| qw: Allow faded altars: false
     0 | D:1      | 0 ||| qw: Do Orc after D:15 true
     0 | D:1      | 0 ||| qw: Do second Lair branch before Depths: true
     0 | D:1      | 0 ||| qw: Lair rune preference: random
     0 | D:1      | 0 ||| qw: Plans: Normal, Zot:1-4, Slime:5, God:TSO, Crypt,
                  | Tomb, Pan, Hells, Abyss, Win
     0 | D:1      | 0 ||| PLANNING D:1-11
    12 | D:1      | Reached skill level 2 in Axes
    80 | D:1      | Reached XP level 2. HP: 14/19 MP: 2/2
   103 | D:1      | 103 ||| Stepping ~*~*~tactically~*~*~ (hiding).
   224 | D:1      | 224 ||| Stepping ~*~*~tactically~*~*~ (hiding).
   340 | D:1      | 340 ||| Stepping ~*~*~tactically~*~*~ (hiding).
   571 | D:1      | Reached skill level 3 in Axes
   801 | D:1      | Reached XP level 3. HP: 23/23 MP: 3/3
   930 | D:1      | 930 ||| UPGRADING to +0 plate armour.
   940 | D:1      | 940 ||| DROPPING +0 scale mail.
   941 | D:1      | 941 ||| READING scroll labelled ERAL EMNURIMN.
   942 | D:1      | 942 ||| READING 2 scrolls labelled ISONIA MUOSKEOSU.
   943 | D:1      | 943 ||| READING scroll of enchant weapon.
   943 | D:1      | 943 ||| ENCHANTING +1 war axe.
   944 | D:1      | 944 ||| READING 2 scrolls labelled DYAKHL DOCLUETO.
  1022 | D:2      | 1022 ||| Stepping ~*~*~tactically~*~*~ (stealth).
  1032 | D:2      | 1032 ||| Stepping ~*~*~tactically~*~*~ (stealth).
  1035 | D:2      | 1035 ||| Stepping ~*~*~tactically~*~*~ (stealth).
  1041 | D:2      | 1041 ||| Stepping ~*~*~tactically~*~*~ (stealth).
  1085 | D:2      | 1085 ||| Stepping ~*~*~tactically~*~*~ (stealth).
  1428 | D:2      | 1428 ||| UPGRADING to +4 ring of protection.
  1429 | D:2      | 1429 ||| READING scroll labelled TIC PEQIAGUEXT.
  1434 | D:2      | 1434 ||| READING scroll labelled KELASMU ZAITUASE.
  1435 | D:2      | 1435 ||| DRINKING 2 brown potions.
  1436 | D:2      | 1436 ||| DRINKING 2 smoky puce potions.
  1437 | D:2      | 1437 ||| DROPPING potion of degeneration.
  1518 | D:3      | Found a basalt altar of Yredelemnul.
  1527 | D:3      | Reached XP level 4. HP: 28/28 MP: 4/4
  1594 | D:3      | Found a runed translucent door.
  1595 | D:3      | Noticed Crazy Yiuf
  1613 | D:3      | Reached skill level 1 in Throwing
  1624 | D:3      | 1624 ||| Stepping ~*~*~tactically~*~*~ (hiding).
  1809 | D:3      | 1809 ||| Stepping ~*~*~tactically~*~*~ (hiding).
  1820 | D:3      | Reached skill level 4 in Axes
  1821 | D:3      | HP: 7/28 [gnoll/+0 spear (5)]
  1827 | D:3      | HP: 4/28 [gnoll/+0 whip (5)]
  1926 | D:3      | 1926 ||| DROPPING +0 club.
  2009 | D:3      | Noticed Pargi
  2028 | D:3      | Killed Pargi
  2029 | D:3      | Reached skill level 5 in Axes
  2029 | D:3      | Reached XP level 5. HP: 17/32 MP: 5/5
  2109 | D:3      | 2109 ||| Stepping ~*~*~tactically~*~*~ (stealth).
  2157 | D:3      | Reached XP level 6. HP: 38/38 MP: 6/6
  2438 | D:3      | 2438 ||| Stepping ~*~*~tactically~*~*~ (hiding).
  2440 | D:3      | 2440 ||| Stepping ~*~*~tactically~*~*~ (hiding).
  2441 | D:3      | 2441 ||| Stepping ~*~*~tactically~*~*~ (hiding).
  2559 | D:3      | 2559 ||| DROPPING +0 whip.
  2729 | D:3      | 2729 ||| UPGRADING to +0 pair of boots.
  2734 | D:3      | 2734 ||| UPGRADING to amulet of the acrobat.
  2739 | D:3      | 2739 ||| READING scroll labelled PAKO HUNIDAKK.
  2860 | D:4      | 2860 ||| Stepping ~*~*~tactically~*~*~ (stealth).
  2862 | D:4      | 2862 ||| Stepping ~*~*~tactically~*~*~ (hiding).
  2864 | D:4      | 2864 ||| Stepping ~*~*~tactically~*~*~ (hiding).
  3056 | D:4      | You fall into a shaft and drop 2 floors!
  3070 | D:6      | 3070 ||| READING scroll labelled FUIRA PEGAS.
  3071 | D:6      | 3071 ||| READING 2 scrolls of identify.
  3071 | D:6      | 3071 ||| IDENTIFYING sedimented blue potion
  3081 | D:5      | Entered Level 5 of the Dungeon
  3085 | D:5      | 3085 ||| UPGRADING to ring of resist corrosion.
  3213 | D:4      | 3213 ||| Stepping ~*~*~tactically~*~*~ (hiding).
  3215 | D:4      | 3215 ||| Stepping ~*~*~tactically~*~*~ (hiding).
  3216 | D:4      | 3216 ||| Stepping ~*~*~tactically~*~*~ (hiding).
  3216 | D:4      | Found a staircase to the Ecumenical Temple.
  3217 | D:4      | 3217 ||| PLANNING TEMPLE
  3248 | D:4      | 3248 ||| READING scroll labelled GUASMO WISEQE.
  3263 | Temple   | Entered the Ecumenical Temple
  3314 | Temple   | 3314 ||| PLANNING OKAWARU WORSHIP
  3469 | Temple   | Became a worshipper of Warmaster Okawaru
  3469 | Temple   | 3469 ||| PLANNING D:1-11
  3798 | D:4      | Found a sparkling altar of Nemelex Xobeh.
  3798 | D:4      | Found a hide-covered altar of Uskayaw.
  4288 | D:4      | 4288 ||| READING 2 scrolls of identify.
  4288 | D:4      | 4288 ||| IDENTIFYING fuming black potion
  4529 | D:5      | Reached skill level 6 in Axes
  4629 | D:5      | 4629 ||| Stepping ~*~*~tactically~*~*~ (stealth).
  4647 | D:5      | Reached XP level 7. HP: 26/43 MP: 7/7
  4647 | D:5      | 4647 ||| Stepping ~*~*~tactically~*~*~ (hiding).
  4650 | D:5      | 4650 ||| DRINKING potion of curing.
  4650 | D:5      | 4650 ||| (to cure confusion)
  4709 | D:5      | Reached * piety under Okawaru
  4797 | D:5      | 4797 ||| Stepping ~*~*~tactically~*~*~ (stealth).
  4812 | D:5      | Noticed a redback
  4822 | D:5      | Found the +9 staff of Olgreb {rPois∞}
  4849 | D:5      | Noticed a redback
  4849 | D:5      | Noticed a redback
  4850 | D:5      | Found a runed translucent gate.
  4854 | D:5      | Found a runed translucent gate.
  4855 | D:5      | Found a runed translucent door.
  4866 | D:5      | Found a runed translucent gate.
  4878 | D:5      | Found a runed translucent door.
  4888 | D:5      | 4888 ||| Stepping ~*~*~tactically~*~*~ (hiding).
  4890 | D:5      | 4890 ||| Stepping ~*~*~tactically~*~*~ (hiding).
  5032 | D:5      | 5032 ||| Stepping ~*~*~tactically~*~*~ (hiding).
  5144 | D:5      | Found a runed translucent door.
  5150 | D:5      | Found a runed translucent door.
  5285 | D:5      | 5285 ||| READING scroll labelled KUQUUM EXZECY.
  5386 | D:5      | 5386 ||| READING scroll labelled ACONAU EHACWU.
  5387 | D:5      | 5387 ||| READING 2 scrolls of identify.
  5387 | D:5      | 5387 ||| IDENTIFYING fuming sapphire potion
  5515 | D:6      | 5515 ||| FLEEEEING.
  5516 | D:6      | 5516 ||| FLEEEEING.
  5517 | D:6      | 5517 ||| FLEEEEING.
  5518 | D:6      | 5518 ||| FLEEEEING.
  5524 | D:6      | 5524 ||| FLEEEEING.
  5525 | D:6      | 5525 ||| FLEEEEING.
  5526 | D:6      | 5526 ||| FLEEEEING.
  5527 | D:6      | 5527 ||| Stepping ~*~*~tactically~*~*~ (hiding).
  5528 | D:6      | 5528 ||| Stepping ~*~*~tactically~*~*~ (hiding).
  5531 | D:6      | 5531 ||| INVOKING Heroism.
  5546 | D:6      | Reached skill level 7 in Axes
  5546 | D:6      | 5546 ||| INVOKING Heroism.
  5773 | D:6      | 5773 ||| INVOKING Heroism.
  5787 | D:6      | Reached skill level 1 in Dodging
  5787 | D:6      | Reached XP level 8. HP: 34/49 MP: 6/8
  5787 | D:6      | 5787 ||| INVOKING Heroism.
  5792 | D:6      | Reached skill level 1 in Invocations
  6028 | D:6      | 6028 ||| Stepping ~*~*~tactically~*~*~ (hiding).
  6032 | D:6      | 6032 ||| INVOKING Heroism.
  6073 | D:6      | 6073 ||| INVOKING Heroism.
  6080 | D:6      | Reached skill level 3 in Invocations
  6164 | D:6      | 6164 ||| DROPPING ring of wizardry.
  6165 | D:6      | 6165 ||| UPGRADING to +6 ring of dexterity.
  6167 | D:6      | 6167 ||| READING 3 scrolls of identify.
  6167 | D:6      | 6167 ||| IDENTIFYING viscous silvery potion
  6168 | D:6      | 6168 ||| READING 2 scrolls of identify.
  6168 | D:6      | 6168 ||| IDENTIFYING murky red potion
  6169 | D:6      | 6169 ||| DROPPING potion of berserk rage.
  6197 | D:7      | Noticed Maggie
  6202 | D:7      | 6202 ||| INVOKING Heroism.
  6206 | D:7      | HP: 1/49 [Maggie/bolt of fire (14)]
  6207 | D:7      | 6207 ||| READING 3 scrolls of teleportation.
  6208 | D:7      | 6208 ||| DRINKING 2 potions of heal wounds.
  6362 | D:7      | 6362 ||| Stepping ~*~*~tactically~*~*~ (hiding).
  6434 | D:7      | 6434 ||| INVOKING Heroism.
  6478 | D:7      | Found a transporter.
  6479 | D:7      | Noticed a moth of wrath
  6494 | D:7      | 6494 ||| Stepping ~*~*~tactically~*~*~ (hiding).
  6497 | D:7      | 6497 ||| Stepping ~*~*~tactically~*~*~ (hiding).
  6504 | D:7      | 6504 ||| INVOKING Heroism.
  6511 | D:7      | Killed Maggie
  6512 | D:7      | Reached XP level 9. HP: 29/54 MP: 8/12
  6600 | D:7      | 6600 ||| DROPPING +0 flail.
  6601 | D:7      | Found a transporter.
  6601 | D:7      | Noticed qw's ghost (novice GrFi)
  6698 | D:7      | Found a burning altar of Makhleb.
  6701 | D:7      | Reached skill level 8 in Axes
  6928 | D:7      | 6928 ||| Stepping ~*~*~tactically~*~*~ (hiding).
  6929 | D:7      | 6929 ||| INVOKING Heroism.
  6933 | D:7      | Reached skill level 6 in Fighting
  6934 | D:7      | 6934 ||| Stepping ~*~*~tactically~*~*~ (hiding).
  6949 | D:7      | 6949 ||| READING scroll labelled SEJUAS TILE.
  6949 | D:7      | Identified a scroll of acquirement
  6949 | D:7      | 6949 ||| ACQUIRING 550 gold pieces
  6949 | D:7      | Acquired 550 gold pieces
  6950 | D:7      | 6950 ||| Stepping randomly (disturbance).
  6952 | D:7      | 6952 ||| Stepping randomly (disturbance).
  6953 | D:7      | 6953 ||| Stepping randomly (disturbance).
  6954 | D:7      | 6954 ||| Stepping randomly (disturbance).
  7169 | D:8      | Reached ** piety under Okawaru
  7181 | D:8      | 7181 ||| FLEEEEING.
  7183 | D:8      | 7183 ||| FLEEEEING.
  7184 | D:8      | 7184 ||| FLEEEEING.
  7185 | D:8      | 7185 ||| FLEEEEING.
  7186 | D:8      | 7186 ||| STAIRDANCE
  7233 | D:8      | 7233 ||| Stepping ~*~*~tactically~*~*~ (hiding).
  7234 | D:8      | 7234 ||| Stepping ~*~*~tactically~*~*~ (hiding).
  7263 | D:8      | 7263 ||| INVOKING Heroism.
  7276 | D:8      | 7276 ||| INVOKING Heroism.
  7439 | D:8      | 7439 ||| Stepping ~*~*~tactically~*~*~ (hiding).
  7446 | D:8      | Reached skill level 9 in Axes
  7597 | D:8      | 7597 ||| Stepping ~*~*~tactically~*~*~ (cloud).
  7598 | D:8      | 7598 ||| FLEEEEING.
  7599 | D:8      | 7599 ||| FLEEEEING.
  7600 | D:8      | 7600 ||| FLEEEEING.
  7601 | D:8      | 7601 ||| FLEEEEING.
  7602 | D:8      | 7602 ||| FLEEEEING.
  7602 | D:8      | HP: 9/55 [something/ball of steam (27)]
  7604 | D:8      | 7604 ||| FLEEEEING.
  7608 | D:8      | 7608 ||| FLEEEEING.
  7609 | D:8      | 7609 ||| FLEEEEING.
  7610 | D:8      | 7610 ||| FLEEEEING.
  7612 | D:8      | 7612 ||| FLEEEEING.
  7616 | D:8      | 7616 ||| FLEEEEING.
  7617 | D:8      | 7617 ||| FLEEEEING.
  7618 | D:8      | 7618 ||| STAIRDANCE
  7760 | D:7      | 7760 ||| UPGRADING to +0 pair of gloves.
  7765 | D:7      | 7765 ||| READING 2 scrolls of identify.
  7765 | D:7      | 7765 ||| IDENTIFYING grey potion
  7768 | D:8      | 7768 ||| Stepping ~*~*~tactically~*~*~ (hiding).
  7772 | D:8      | 7772 ||| INVOKING Heroism.
  7778 | D:8      | 7778 ||| Stepping ~*~*~tactically~*~*~ (cloud).
  7788 | D:8      | 7788 ||| STAIRDANCE
  7902 | D:8      | Found a bloodstained altar of Trog.
  7932 | D:8      | 7932 ||| Stepping ~*~*~tactically~*~*~ (hiding).
  7937 | D:8      | 7937 ||| INVOKING Heroism.
  7965 | D:8      | 7965 ||| Stepping ~*~*~tactically~*~*~ (stealth).
  8012 | D:8      | 8012 ||| INVOKING Heroism.
  8015 | D:8      | Reached skill level 6 in Armour
  8016 | D:8      | Reached XP level 10. HP: 23/61 MP: 10/13
  8234 | D:8      | 8234 ||| INVOKING Heroism.
  8391 | D:8      | 8391 ||| READING scroll labelled YLYDEKHLIQEPN.
  8422 | D:9      | 8422 ||| STAIRDANCE
  8487 | D:9      | 8487 ||| STAIRDANCE
  8489 | D:8      | 8489 ||| INVOKING Heroism.
  8573 | D:9      | 8573 ||| Stepping ~*~*~tactically~*~*~ (hiding).
  8574 | D:9      | 8574 ||| Stepping ~*~*~tactically~*~*~ (hiding).
  8575 | D:9      | 8575 ||| Stepping ~*~*~tactically~*~*~ (hiding).
  8646 | D:9      | Found a radiant altar of Vehumet.
  8657 | D:9      | 8657 ||| INVOKING Heroism.
  8676 | D:9      | Noticed Maurice
  8677 | D:9      | 8677 ||| FLEEEEING.
  8781 | D:9      | 8781 ||| FLEEEEING.
  8782 | D:9      | 8782 ||| FLEEEEING.
  8783 | D:9      | 8783 ||| FLEEEEING.
  8784 | D:9      | 8784 ||| FLEEEEING.
  8785 | D:9      | 8785 ||| FLEEEEING.
  8786 | D:9      | 8786 ||| FLEEEEING.
  8807 | D:9      | 8807 ||| FLEEEEING.
  8808 | D:9      | 8808 ||| FLEEEEING.
  8809 | D:9      | 8809 ||| FLEEEEING.
  8810 | D:9      | 8810 ||| FLEEEEING.
  8811 | D:9      | 8811 ||| FLEEEEING.
  8812 | D:9      | 8812 ||| FLEEEEING.
  8825 | D:9      | 8825 ||| STAIRDANCE
  8828 | D:8      | 8828 ||| Stepping randomly (disturbance).
  8829 | D:8      | 8829 ||| Stepping randomly (disturbance).
  8830 | D:8      | 8830 ||| Stepping randomly (disturbance).
  8837 | D:8      | Killed Maurice
  8838 | D:8      | Reached skill level 10 in Axes
  8849 | D:8      | 8849 ||| DROPPING +0 mace.
  8866 | D:9      | Noticed Pikel
  8884 | D:9      | Killed Pikel
  8909 | D:9      | Found a shimmering blue altar of Sif Muna.
  8919 | D:9      | Reached *** piety under Okawaru
  8920 | D:9      | 8920 ||| DRINKING potion of curing.
  8920 | D:9      | 8920 ||| (to cure confusion)
  8992 | D:9      | 8992 ||| Stepping ~*~*~tactically~*~*~ (cloud).
  9015 | D:9      | 9015 ||| Stepping ~*~*~tactically~*~*~ (stealth).
  9146 | D:9      | Found a blossoming altar of Fedhas.
  9162 | D:9      | Found a staircase to the Lair.
  9208 | D:9      | 9208 ||| Stepping ~*~*~tactically~*~*~ (hiding).
  9209 | D:9      | 9209 ||| Stepping ~*~*~tactically~*~*~ (hiding).
  9241 | D:9      | 9241 ||| Stepping ~*~*~tactically~*~*~ (stealth).
  9244 | D:9      | 9244 ||| Stepping ~*~*~tactically~*~*~ (stealth).
  9246 | D:9      | 9246 ||| Stepping ~*~*~tactically~*~*~ (stealth).
  9247 | D:9      | 9247 ||| Stepping ~*~*~tactically~*~*~ (stealth).
  9279 | D:9      | Noticed a two-headed ogre
  9280 | D:9      | 9280 ||| INVOKING Heroism.
  9286 | D:9      | Killed a two-headed ogre
  9396 | D:9      | Found Zusaaluh's Antique Weapon Emporium.
  9406 | D:9      | 9406 ||| BUYING bloodstained demon whip (440 gold).
  9406 | D:9      | Bought a bloodstained demon whip for 440 gold pieces
  9406 | D:9      | Identified the +10 demon whip of Ovuinyfo {drain, Dex+2}
                  | (You bought it in a shop on level 9 of the Dungeon)
  9406 | D:9      | 9406 ||| BUYING broad axe (88 gold).
  9406 | D:9      | Bought a broad axe for 88 gold pieces
  9406 | D:9      | 9406 ||| SWAPPING to +0 broad axe.
  9407 | D:9      | 9407 ||| DROPPING +3 morningstar.
  9408 | D:9      | 9408 ||| DROPPING +2 war axe.
  9656 | D:9      | 9656 ||| PLANNING LAIR
  9656 | D:9      | 9656 ||| UPGRADING to +0 cloak.
  9661 | D:9      | 9661 ||| UPGRADING to +0 helmet.
  9666 | D:9      | 9666 ||| READING scroll labelled UNGOOWIRH QASM.
  9667 | D:9      | 9667 ||| READING 2 scrolls of identify.
  9667 | D:9      | 9667 ||| IDENTIFYING orange potion
  9668 | D:9      | 9668 ||| DROPPING potion of flight.
  9669 | D:9      | 9669 ||| DROPPING potion of ambrosia.
  9687 | Lair:1   | Entered Level 1 of the Lair of Beasts
  9694 | Lair:1   | 9694 ||| STAIRDANCE
  9735 | Lair:1   | 9735 ||| STAIRDANCE
  9737 | D:9      | 9737 ||| INVOKING Heroism.
  9741 | D:9      | Reached XP level 11. HP: 43/68 MP: 11/14
  9752 | D:9      | Reached **** piety under Okawaru
  9760 | D:9      | HP: 10/68 [yak (11)]
  9761 | D:9      | 9761 ||| READING 3 scrolls of teleportation.
  9762 | D:9      | 9762 ||| DRINKING potion of heal wounds.
  9763 | D:9      | Received a gift from Okawaru
  9951 | Lair:1   | 9951 ||| STAIRDANCE
 10102 | Lair:1   | 10102 ||| INVOKING Heroism.
 10221 | Lair:1   | 10221 ||| Stepping ~*~*~tactically~*~*~ (stealth).
 10224 | Lair:1   | 10224 ||| Stepping ~*~*~tactically~*~*~ (stealth).
 10226 | Lair:1   | 10226 ||| Stepping ~*~*~tactically~*~*~ (stealth).
 10227 | Lair:1   | 10227 ||| INVOKING Heroism.
 10230 | Lair:1   | 10230 ||| Stepping ~*~*~tactically~*~*~ (stealth).
 10239 | Lair:1   | Reached skill level 6 in Invocations
 10644 | Lair:1   | 10644 ||| INVOKING Heroism.
 10883 | Lair:1   | 10883 ||| READING 3 scrolls of identify.
 10883 | Lair:1   | 10883 ||| IDENTIFYING amethyst potion
 10884 | Lair:1   | 10884 ||| READING 2 scrolls of identify.
 10884 | Lair:1   | 10884 ||| IDENTIFYING lumpy golden potion
 10885 | Lair:1   | 10885 ||| DROPPING potion of brilliance.
 10930 | Lair:2   | 10930 ||| Stepping ~*~*~tactically~*~*~ (stealth).
 10932 | Lair:2   | 10932 ||| Stepping ~*~*~tactically~*~*~ (stealth).
 10938 | Lair:2   | 10938 ||| Stepping ~*~*~tactically~*~*~ (stealth).
 11097 | Lair:2   | 11097 ||| INVOKING Heroism.
 11103 | Lair:2   | Reached skill level 11 in Axes
 11709 | Lair:2   | 11709 ||| READING scroll labelled ATSOIFR LEZOU.
 11710 | Lair:2   | 11710 ||| READING 3 scrolls labelled DAKHLI NOSTROSET.
 11711 | Lair:2   | 11711 ||| READING 2 scrolls of identify.
 11711 | Lair:2   | 11711 ||| IDENTIFYING fizzy clear potion
 11712 | Lair:2   | 11712 ||| DROPPING 2 scrolls of blinking.
 11762 | Lair:3   | 11762 ||| STAIRDANCE
 11768 | Lair:2   | 11768 ||| INVOKING Heroism.
 12390 | Lair:3   | Noticed a death yak
 12390 | Lair:3   | Noticed a death yak
 12391 | Lair:3   | 12391 ||| INVOKING Heroism.
 12393 | Lair:3   | Noticed a death yak
 12403 | Lair:3   | Killed a death yak
 12404 | Lair:3   | Reached skill level 9 in Fighting
 12412 | Lair:3   | Killed a death yak
 12412 | Lair:3   | Received a gift from Okawaru
 12417 | Lair:3   | Killed a death yak
 12418 | Lair:3   | Reached XP level 12. HP: 32/76 MP: 18/18
 12619 | Lair:3   | 12619 ||| INVOKING Heroism.
 12633 | Lair:3   | HP: 19/76 [rock wall collision (8)]
 12634 | Lair:3   | 12634 ||| READING 2 scrolls of teleportation.
 12634 | Lair:3   | HP: 6/76 [komodo dragon (13)]
 12638 | Lair:3   | Found a staircase to the Shoals.
 12639 | Lair:3   | 12639 ||| READING scroll of teleportation.
 12639 | Lair:3   | Killed from afar by a wind drake

Levels and vault maps discovered:
D:1:      psy_arrival_whirlpool, layout_basic
D:2:      layout_rooms
D:3:      cheibrodos_helix_gallery, layout_loops_corners,
          mainiacjoe_overflow_24_doors, uniq_pargi, uniq_crazy_yiuf_cottage
D:4:      layout_layer_cave, jmf_multi_god_temple,
          minmay_temple_entry_junction_2, grunt_decor_fettered,
          corexii_hall_statues_s
D:5:      lemuel_insect_pit, layout_basic, minmay_guarded_unrand_staff_of_olgreb
D:6:      layout_basic
D:7:      layout_loops_ring, makhleb_grotto_becter,
          gammafunk_ghost_berserking_beasts, palyth_stone_intersect, uniq_maggie
D:8:      layout_basic, lightli_temple_of_fire
D:9:      layout_roguey, fedhas_ov_isle_minmay, led_sif_book,
          vehumet_altar_wand_db, lair_entry_dummy, serial_shops,
          nicolae_shop_temple_entry_statues_fountains, grunt_ministairs_1,
          blue_anna_alchemist, uniq_pikel, uniq_maurice
Temple:   eino_temple_water
Lair:1:   layout_long_grid, lemuel_fruit_fields, grunt_megastairs_2,
          serial_bayou_shore_a, infiniplex_staircase_pool
Lair:2:   layout_regular_city
Lair:3:   layout_cave_pods, minmay_shoals_entry_beasts,
          nicolae_snake_entry_squirm, nicolae_lair_lil_pond, lemuel_fruit_tree

Skill      XL: |  1  2  3  4  5  6  7  8  9 10 11 |
---------------+----------------------------------+-----
Axes           | 2 3 5 6 7 9 10 11 | 11.0
Throwing       | 1 2 4 |  4.2
Fighting       | 4 5 6 8 9 |  9.0
Armour         | 4 6 8 |  8.9
Dodging        | 1 2 |  2.5
Invocations    | 4 8 |  8.8
Shields        | 4 5 |  5.2

Action                     |  1- 3 |  4- 6 |  7- 9 | 10-12 || total
---------------------------+-------+-------+-------+-------++-------
  Melee: War axe           |   111 |   141 |   220 |   106 ||   578
         Broad axe         |       |       |       |   199 ||   199
  Throw: Javelin           |     3 |    46 |    20 |    32 ||   101
         Boomerang         |       |    10 |     6 |    19 ||    35
 Invoke: Heroism           |       |       |    15 |    12 ||    27
    Use: Scroll            |     6 |     5 |     8 |    11 ||    30
         Potion            |     2 |       |     2 |     2 ||     6
 Armour: Scale mail        |    41 |       |       |       ||    41
         Plate armour      |    14 |   163 |   121 |   200 ||   498
  Dodge: Dodged            |    41 |    37 |    94 |   101 ||   273
  Block: Buckler           |    13 |    26 |    56 |    79 ||   174

Table legend:
 A = Non-vault XP
 B = Vault XP
 C = Vault XP percentage of total XP
 D = Non-vault monster count
 E = Vault monster count
 F = Vault count percentage of total count
                 A         B        C        D         E       F
            +---------+---------+-------+---------+---------+-------
      Total |   16747 |    2431 |  12.7 |     217 |      15 |   6.5
            +---------+---------+-------+---------+---------+-------
        D:1 |      36 |       0 |   0.0 |      21 |       0 |   0.0
        D:2 |      43 |       0 |   0.0 |      17 |       0 |   0.0
        D:3 |     123 |     136 |  52.5 |      20 |       3 |  13.0
        D:4 |      43 |       5 |  10.4 |      13 |       2 |  13.3
        D:5 |     449 |       0 |   0.0 |      19 |       0 |   0.0
        D:6 |     977 |       0 |   0.0 |      19 |       0 |   0.0
        D:7 |     685 |     420 |  38.0 |      17 |       2 |  10.5
        D:8 |    2437 |     621 |  20.3 |      34 |       2 |   5.6
        D:9 |    4286 |     770 |  15.2 |      27 |       4 |  12.9
     Lair:1 |    1646 |     479 |  22.5 |       7 |       2 |  22.2
     Lair:2 |    2060 |       0 |   0.0 |      10 |       0 |   0.0
     Lair:3 |    3962 |       0 |   0.0 |      13 |       0 |   0.0
            +---------+---------+-------+---------+---------+-------
